 Dungeon Crawl Stone Soup version 0.28.0-62-gf88900778d (webtiles) character file.

Game seed: 4657795171835850841

1972 cbfl8 the Cleaver (level 9, -6/75 HPs)
             Began as a Hill Orc Berserker on July 20, 2023.
             Was an Elder of Trog.
             Mangled by an orc warrior
             ... wielding a +0 glaive
              (16 damage)
             ... on level 6 of the Dungeon.
             The game lasted 00:08:24 (7690 turns).

cbfl8 the Cleaver (Hill Orc Berserker)              Turns: 7690, Time: 00:08:24

Health: -6/75      AC: 11    Str: 20    XL:     9   Next: 20%
Magic:  9/9        EV:  8    Int:  7    God:    Trog [****..]
Gold:   137        SH:  0    Dex: 14    Spells: 8/8 levels left

rFire   . . .      SeeInvis +   a - +0 hand axe
rCold   + . .      Faith    .   (no shield)
rNeg    . . .      Spirit   .   q - +0 chain mail
rPois   .          Reflect  .   (no helmet)
rElec   .          Harm     .   o - +0 cloak
rCorr   .          Rampage  .   (no gloves)
Will    .....                   (no boots)
Stlth   ..........              (no amulet)
HPRegen 0.22/turn               g - ring of see invisible
MPRegen 0.11/turn               t - ring of protection from cold

@: on berserk cooldown, slowed, very slow
A: no striking features
a: Renounce Religion, Berserk, Trog's Hand, Brothers in Arms


You were on level 6 of the Dungeon.
You worshipped Trog.
Trog was greatly pleased with you.
You visited 1 branch of the dungeon, and saw 6 of its levels.
You also visited: Ossuary.

You collected 207 gold pieces.
You spent 70 gold pieces at shops.

Inventory:

Hand Weapons
 a - a +0 hand axe (weapon)
Missiles
 p - 5 javelins (quivered)
Armour
 o - a +0 cloak (worn)
 q - a +0 chain mail (worn)
Jewellery
 g - a ring of see invisible (left hand)
 t - a ring of protection from cold (right hand)
 B - a +4 ring of protection
Wands
 n - a wand of flame (37)
 z - a wand of paralysis (6)
Scrolls
 b - a scroll of fear
 c - 2 scrolls of enchant weapon {unknown}
 h - a scroll of silence {unknown}
 j - a scroll of noise {unknown}
 m - 2 scrolls of teleportation
 x - 2 scrolls of enchant armour
 y - a scroll of summoning
 C - 2 scrolls of holy word {unknown}
Potions
 d - 3 potions of lignification {unknown}
 e - 4 potions of curing {unknown}
 i - 2 potions of mutation {unknown}
 k - 2 potions of degeneration {unknown}
 l - 2 potions of attraction {unknown}
 s - 2 potions of heal wounds
 u - a potion of invisibility {unknown}
 v - 3 potions of brilliance {unknown}
 w - a potion of haste {unknown}
 A - a potion of might {unknown}
 D - 2 potions of ambrosia {unknown}
 E - a potion of magic {unknown}


   Skills:
 + Level 6.1 Fighting
 + Level 9.3 Axes
 * Level 3.2 Throwing
 + Level 6.1 Armour
 - Level 2.2 Dodging
 - Level 0.3 Stealth
 + Level 3.1 Shields
 * Level 4.3 Evocations


You had 8 spell levels left.
You didn't know any spells.
Your spell library was empty.

Dungeon Overview and Level Annotations

Branches:
Dungeon (6/15)            Ossuary (visited)
 Temple: D:4-7

Altars:
Fedhas
Kikubaaqudgha
Okawaru
Qazlal
Trog
Uskayaw
Wu Jian

Shops:
D:3 !:(((   D:5 :


Message History

You slash the howler monkey skeleton!
The howler monkey skeleton hits you but does no damage.
The orc warrior hits you from afar with a +0 glaive!
* * * LOW HITPOINT WARNING * * *
You slash the howler monkey skeleton!
You destroy the howler monkey skeleton!
Trog accepts your kill.
Found 10 arrows.
The orc warrior barely misses you.
Items here: ( ) ? ††.
You hit the orc warrior.
The orc warrior is moderately wounded.
You slash the orc warrior!
The orc warrior is heavily wounded.
The orc warrior hits you with a +0 glaive.
* * * LOW HITPOINT WARNING * * *
You hit the orc warrior. Your punch misses the orc warrior.
The orc warrior is severely wounded.
The orc warrior closely misses you.
You barely miss the orc warrior.
The orc warrior is severely wounded.
You hit the orc warrior.
The orc warrior is severely wounded.
The orc warrior hits you with a +0 glaive.
* * * LOW HITPOINT WARNING * * *
You hit the orc warrior.
The orc warrior is almost dead.
You are no longer berserk.
You are exhausted.
You feel yourself slow down.
You hit the orc warrior but do no damage.
The orc warrior is almost dead.
The orc warrior barely misses you.
You completely miss the orc warrior.
The orc warrior is almost dead.
The orc warrior hits you but does no damage.
The orc warrior barely misses you.
You completely miss the orc warrior.
The orc warrior is almost dead.
The orc warrior hits you with a +0 glaive!
You die...

#.....).............
+.....).............
.####...................
..[................#####
?.........##+####### #
..........+ #
..........# #
........†.#### #
..###.)@)....# # .
#..o.###... # #...#.. ..
#...#..# . #...#.#.#
#....###[# #...# #.#
#.(.# #.


You could see an orc warrior.

Vanquished Creatures
  Sigmund (D:2)
  A steam dragon (D:6)
  Edmund (D:4)
  Pargi (D:4)
  An ice beast (D:6)
  An ogre (D:3)
  A centaur (D:6)
  2 phantoms (D:4)
  4 water moccasin zombies (Ossuary)
  A howler monkey (D:6)
  3 centaur skeletons (D:5)
  3 orc priests
  4 hounds
  Crazy Yiuf (D:2)
  Natasha (thrice) (D:2)
  2 iguanas
  5 orc wizards (D:6)
  A killer bee zombie (D:6)
  A hound zombie (D:5)
  2 mummies (Ossuary)
  2 adders
  3 gnolls (D:2)
  A howler monkey skeleton (D:6)
  2 ufetubi
  4 adder zombies (Ossuary)
  A worm (D:3)
  A dart slug (D:2)
  8 orcs
  4 endoplasms
  A giant cockroach (D:1)
  8 gnoll zombies (Ossuary)
  6 hobgoblins
  7 jackals
  4 quokkas
  5 ball pythons
  11 bats
  2 frilled lizards
  8 goblins
  4 hobgoblin zombies (Ossuary)
  9 kobolds
  4 kobold zombies (Ossuary)
  7 orc zombies (Ossuary)
  7 rats
148 creatures vanquished.

Notes
Turn   | Place    | Note
-------+----------+-------------------------------------------
     0 | D:1      | cbfl8 the Hill Orc Berserker began the quest for the Orb.
     0 | D:1      | Reached XP level 1. HP: 19/19 MP: 1/1
   170 | D:1      | Reached XP level 2. HP: 10/27 MP: 2/2
   734 | D:1      | Reached XP level 3. HP: 18/33 MP: 3/3
  1029 | D:1      | Reached ** piety under Trog
  1157 | D:2      | Noticed Sigmund
  1276 | D:2      | Reached skill level 5 in Axes
  1282 | D:2      | Reached XP level 4. HP: 22/40 MP: 4/4
  1465 | D:2      | Killed Sigmund
  1466 | D:2      | Reached skill level 6 in Axes
  1466 | D:2      | Reached skill level 1 in Evocations
  1466 | D:2      | Reached XP level 5. HP: 46/46 MP: 5/5
  1542 | D:2      | Noticed Natasha
  1553 | D:2      | Killed Natasha
  1554 | D:2      | Reached XP level 6. HP: 45/53 MP: 6/6
  1936 | D:2      | Noticed Natasha
  1943 | D:2      | Killed Natasha
  2111 | D:2      | Found a faded altar of an unknown god.
  2309 | D:2      | Found a runed translucent door.
  2310 | D:2      | Noticed Crazy Yiuf
  2330 | D:2      | Noticed Natasha
  2354 | D:2      | Killed Natasha
  2781 | D:2      | Killed Crazy Yiuf
  3055 | D:3      | Found an ornate altar of the Wu Jian Council.
  3055 | D:3      | Found an iron altar of Okawaru.
  3056 | D:3      | Found a blossoming altar of Fedhas.
  3097 | D:3      | Found a hide-covered altar of Uskayaw.
  3111 | D:3      | Found Angyegeivy's Book Shoppe.
  3298 | D:3      | Found Ebicsyti's Antique Weapon Shop.
  3434 | D:3      | Found Mudilum's Antique Weapon Shop.
  3533 | D:3      | Reached XP level 7. HP: 59/60 MP: 7/7
  3537 | D:3      | Found Xipann's Antique Weapon Boutique.
  3642 | D:3      | Found an ancient bone altar of Kikubaaqudgha.
  3668 | D:3      | Found Gisobyeph's Distillery.
  3676 | D:3      | Bought a potion of heal wounds for 70 gold pieces
  3694 | D:3      | Found a faded altar of an unknown god.
  3698 | D:3      | Found a stormy altar of Qazlal.
  4033 | D:4      | Reached skill level 1 in Shields
  4043 | D:4      | Noticed Pargi
  4074 | D:4      | Killed Pargi
  4075 | D:4      | Reached skill level 7 in Axes
  4075 | D:4      | Reached skill level 1 in Throwing
  4704 | D:4      | Noticed Edmund
  4716 | D:4      | Killed Edmund
  4717 | D:4      | Reached skill level 5 in Fighting
  4717 | D:4      | Reached XP level 8. HP: 68/68 MP: 8/8
  5177 | D:5      | Entered Level 5 of the Dungeon
  5240 | D:5      | Reached skill level 5 in Armour
  5318 | D:5      | Found Iloavap's Book Emporium.
  5662 | D:5      | Reached skill level 8 in Axes
  5687 | D:5      | Found a sand-covered staircase.
  5722 | D:5      | Reached *** piety under Trog
  5726 | Ossuary  | Entered an ossuary
  6407 | D:5      | Found a bloodstained altar of Trog.
  7123 | D:6      | Reached **** piety under Trog
  7670 | D:6      | Reached skill level 9 in Axes
  7670 | D:6      | Reached XP level 9. HP: 54/75 MP: 9/9
  7690 | D:6      | Mangled by an orc warrior

Illustrated notes

Levels and vault maps discovered:
D:1:      ncdulo_halloftheorcs, layout_basic, minmay_fountain_box
D:2:      minmay_skewed_foursquare, layout_loops_ring,
          shapermc_ecumenical_altar_ellora, uniq_natasha,
          uniq_crazy_yiuf_cottage, uniq_sigmund
D:3:      layout_basic, lemuel_coloured_pillars_altar,
          nicolae_overflow_ecumenical_swirl, gammafunk_temple_overflow_claw,
          nicolae_uskayaw_murder_on_the_dancefloor, serial_shops,
          nicolae_shop_crystal, nicolae_square_shop, shop, shop,
          nicolae_shop_trees
D:4:      layout_loops_ring, minmay_misc_feat_four_crosses, uniq_pargi,
          uniq_edmund
D:5:      layout_gridville, mainiacjoe_overflow_cross_hatched, serial_shops,
          nicolae_inconvenience_store, nicolae_ossuary_entry_ruins
D:6:      layout_gridville, mainiacjoe_overflow_tiny_flanked,
          minmay_temple_entry_glassed_door, minmay_large_rounded_square,
          minmay_manual_mail

Skill      XL: |  1  2  3  4  5  6  7  8 |
---------------+-------------------------+-----
Axes           | 5 6 7 9 |  9.3
Fighting       | 4 5 6 |  6.1
Armour         | 3 4 6 |  6.1
Dodging        | 2 |  2.2
Evocations     | 1 2 3 4 |  4.3
Shields        | 2 3 |  3.1
Throwing       | 1 3 |  3.2
Stealth        | |  0.3

Action                   |  1- 3 |  4- 6 |  7- 9 || total
-------------------------+-------+-------+-------++-------
Melee: Hand axe          |    96 |   120 |   473 ||   689
       Punch             |     3 |       |     9 ||    12
Invok: Berserk           |     1 |     2 |     6 ||     9
  Use: Scroll            |     2 |       |     4 ||     6
       Potion            |       |       |     1 ||     1
 Stab: Confused          |       |       |     4 ||     4
Armor: Animal skin       |    19 |       |       ||    19
       Scale mail        |    43 |    39 |   193 ||   275
       Chain mail        |       |       |    39 ||    39
Dodge: Dodged            |   108 |    47 |   223 ||   378
